 Dungeon Crawl Stone Soup version 0.29.1-12-g30fa7ad0bf (webtiles) character file.

Game seed: 7797596627357170297

155 112233 the Ducker (level 5, -5/24 HPs)
             Began as a Felid Air Elementalist on Dec 17, 2022.
             Killed by nerve-wracking pain
             ... invoked by an orc priest
              (8 damage)
             ... on level 6 of the Dungeon.
             The game lasted 00:03:32 (5312 turns).

112233 the Ducker (Felid Air Elementalist)          Turns: 5312, Time: 00:03:33

Health: -5/24      AC:  1    Str:  4    XL:     5   Next: 14%
Magic:  1/11       EV: 23    Int: 19    God:
Gold:   78         SH:  5    Dex: 16    Spells: 1/11 levels left
                                        Lives:  0   Deaths: 1

rFire   . . .      SeeInvis +   (weapon unavailable)
rCold   . . .      Faith    .   (shield unavailable)
rNeg    . . .      Spirit   .   (body armour unavailable)
rPois   .          Reflect  +   (helmet unavailable)
rElec   .          Harm     .   (cloak unavailable)
rCorr   .          Rampage  .   (gloves unavailable)
Will    .....                   (boots unavailable)
Stlth   ++........              b - amulet of reflection
HPRegen 0.08/turn               n - +4 ring of evasion
MPRegen 0.12/turn               (no ring)

@: quick
A: very small, claws 1, fangs 3, see invisible, speed 1, shaggy fur 1, stealthy
paws, no weapons or thrown items, no armour, multi-lived
a: no special abilities


You were on level 6 of the Dungeon.
You visited 1 branch of the dungeon, and saw 6 of its levels.

You collected 117 gold pieces.
You spent 39 gold pieces at shops.

Inventory:

Jewellery
 b - an amulet of reflection (around neck)
 n - a +4 ring of evasion (left paw)
Wands
 m - a wand of flame (5)
Scrolls
 a - a scroll of brand weapon {unknown}
 d - a scroll of enchant weapon {unknown}
 g - 5 scrolls of identify {unknown}
 h - 2 scrolls of teleportation {unknown}
 j - a scroll of torment {unknown}
 k - a scroll of magic mapping {unknown}
 l - a scroll of silence {unknown}
Potions
 c - 3 potions of mutation {unknown}
 e - 2 potions of berserk rage {unknown}
 i - a potion of heal wounds {unknown}


   Skills:
 + Level 2.9 Fighting
 + Level 5.0 Dodging
 - Level 2.8 Stealth
 + Level 3.7 Spellcasting
 - Level 1.0 Conjurations
 - Level 2.7 Air Magic


You had one spell level left.
You knew the following spells:

 Your Spells              Type           Power      Damage    Failure   Level
a - Shock                 Conj/Air       40%        1d5       6%          1
b - Static Discharge      Conj/Air       10%        3-5/arc   10%         2
c - Swiftness             Air            14%        N/A       14%         3
d - Airstrike             Air            7%         2d(1-17)  41%         4

Your spell library contained the following spells:

 Spells                   Type           Power      Damage    Failure   Level
 Magic Dart               Conj           28%        1d4       10%         1
 Call Imp                 Summ           3%         N/A       22%         2
 Ensorcelled Hibernation  Hex/Ice        6%         N/A       22%         2
 Mephitic Cloud           Conj/Pois/Air  8%         N/A       26%         3
 Ignite Poison            Fire/Tmut/Pois 3%         N/A       38%         3
 Spider Form              Tmut/Pois      3%         N/A       38%         3
 Anguish                  Hex/Necr       1%         N/A       80%         4
 Freezing Cloud           Conj/Ice/Air   4%         6-21      93%         5


Dungeon Overview and Level Annotations

Branches:
Dungeon (6/15)
 Temple: D:4-7

Altars:
Elyvilon
Uskayaw

Shops:
D:2 !

Annotations:
D:2 exclusion: downstairs
D:4 exclusion: downstairs


Innate Abilities, Weirdness & Mutations

You have sharp claws.
You have razor-sharp teeth.
You have supernaturally acute eyesight. (SInv)
You cover ground quickly. (Speed+)
You are covered in fur. (AC +1)
Your paws help you pounce on unaware monsters.
You are incapable of wielding weapons or throwing items.
You cannot wear armour.
You gain extra lives every three experience levels.


Message History

The shadow imp shouts, "Decamp, thou unmuzzled nut-hook blabberskite!"
You hear a shout!
Found a bubbling grey potion.
There is a stone staircase leading up here.
A shadow imp is nearby!
A shadow imp is nearby!
Casting: Shock (safe; 6% risk of failure)
Confirm with . or Enter, or press ? or * to list all spells.
The shadow imp is struck by an arc of lightning!
The shadow imp is heavily wounded.
You are struck by an arc of lightning.
The lightning grounds out.
The shadow imp completely misses you. The shadow imp misses you.
An orc priest comes into view. It is wielding a +0 mace.
Unknown command.
Casting: Static Discharge (safe; 10% risk of failure)
Confirm with . or Enter, or press ? or * to list all spells.
You don't have enough magic to cast this spell.
Unknown command.
The shadow imp barely misses you. You block the shadow imp's attack.
The shadow imp completely misses you. The shadow imp gestures at you.
Pain shoots through your body!
Found a stone staircase leading down.
Casting: Static Discharge (safe; 10% risk of failure)
Confirm with . or Enter, or press ? or * to list all spells.
Aiming: Shock (safe; 6% risk of failure)
Press: ? - help, Shift-Dir - straight line, f - shadow imp
Aim: a shadow imp (heavily wounded, 64% to hit)
The zap hits the shadow imp.
The shadow imp is almost dead.
Found a scroll labelled BOAMNO OMUSUPN.
Unknown command.
The shadow imp gestures at you. Pain shoots through your body!
* * * LOW HITPOINT WARNING * * *
The orc priest invokes the aid of Beogh against you.
Pain shoots through your body!
You die...

### ..#.# #... #!#.#
... #o#.# ... #.#.#
#.# #.#.#
#.#########..
#####<#.##
#.##..?....#
.........###5...@....#
...........o....####.#
########.######## #.#
#.# #.# #.# #.# #.#


You could see an orc priest and a shadow imp.

Vanquished Creatures
  2 orc priests
  An orc wizard (D:5)
  Natasha (D:1)
  2 gnolls (D:4)
  5 adders
  A worm (D:3)
  3 dart slugs
  2 orcs (D:3)
  6 ball pythons
  7 endoplasms
  2 giant cockroaches
  3 goblins
  4 hobgoblins
  2 jackals (D:3)
  6 kobolds
  2 quokkas
  7 bats
  3 frilled lizards (D:1)
  9 rats
68 creatures vanquished.

Vanquished Creatures (others)
  4 plants (D:3)
4 creatures vanquished.

Grand Total: 72 creatures vanquished

Notes
Turn   | Place    | Note
-------+----------+-------------------------------------------
     0 | D:1      | 112233 the Felid Air Elementalist began the quest for the
                  | Orb.
     0 | D:1      | Reached XP level 1. HP: 7/7 MP: 4/4
    78 | D:1      | Reached skill level 1 in Conjurations
   398 | D:1      | Reached XP level 2. HP: 8/11 MP: 1/6
   581 | D:1      | Reached skill level 3 in Dodging
   855 | D:1      | Learned a level 2 spell: Static Discharge
  1158 | D:2      | Reached XP level 3. HP: 15/15 MP: 4/7
  1240 | D:2      | Found Ycozot's Distillery.
  1245 | D:2      | Bought a potion of curing for 39 gold pieces
  1248 | D:2      | Found a hide-covered altar of Uskayaw.
  1277 | D:2      | Reached skill level 1 in Fighting
  1527 | D:2      | Found a faded altar of an unknown god.
  1623 | D:2      | Noticed Natasha
  1697 | D:1      | Learned a level 3 spell: Swiftness
  1704 | D:1      | Killed Natasha
  1705 | D:1      | Reached XP level 4. HP: 8/19 MP: 4/9
  2935 | D:4      | Reached skill level 4 in Dodging
  3699 | D:3      | Found a white marble altar of Elyvilon.
  3780 | D:3      | Reached XP level 5. HP: 15/22 MP: 0/10
  4982 | D:3      | Learned a level 4 spell: Airstrike
  5000 | D:5      | Entered Level 5 of the Dungeon
  5000 | D:5      | Noticed a black bear
  5056 | D:5      | Noticed an orc warrior
  5060 | D:5      | Killed from afar by an orc priest
  5061 | D:5      | Reached XP level 4. HP: -4/20 MP: 9/10
  5285 | D:5      | Reached skill level 5 in Dodging
  5285 | D:5      | Reached XP level 5. HP: 24/24 MP: 1/11
  5312 | D:6      | Killed from afar by an orc priest

Illustrated notes

Levels and vault maps discovered:
D:1:      amcnicky_arrival_wind_blow, layout_basic
D:2:      layout_basic, shapermc_ecumenical_altar_gd, serial_shops, shop,
          basic_altar, uniq_natasha
D:3:      layout_loops_cross, nicolae_elyvilon_temple_path
D:4:      layout_basic, minmay_misc_feat_plants, dreamdust_princess_bridge
D:5:      layout_basic, grunt_dithmenos_smoke_and_mirrors,
          chequers_serial_rivers_micro_d, kennysheep_cluttered_room,
          uniq_sigmund
D:6:      layout_loops_ring, enter_ossuary_5, serial_shops,
          nicolae_shop_advertising_works [nicolae_subvault_shop_adworks]

Skill      XL: |  1  2  3  4 |
---------------+-------------+-----
Conjurations   | 1 |  1.0
Dodging        | 3 5 |  5.0
Fighting       | 1 2 |  2.9
Spellcasting   | 3 |  3.7
Stealth        | |  2.8
Air Magic      | |  2.7

Action                   |  1- 3 |  4- 6 || total
-------------------------+-------+-------++-------
Melee: Unarmed           |    42 |       ||    42
       Bite              |     3 |       ||     3
 Cast: Shock             |    76 |   107 ||   183
       Static Discharge  |     3 |    14 ||    17
  Use: Potion            |     2 |     1 ||     3
 Stab: Sleeping          |     1 |       ||     1
Armor: Skin              |     8 |     1 ||     9
Dodge: Dodged            |    65 |    31 ||    96
Block: Other             |     3 |     7 ||    10
